 Dungeon Crawl Stone Soup version 0.27.0-1-g7a089689b8 (webtiles) character file.

Game seed: 4844764215292850311

99 tilp the Digger (level 4, 0/24 HPs)
             Began as a Gargoyle Earth Elementalist on Aug 5, 2021.
             Slain by a hobgoblin (4 damage)
             ... led by Robin
             ... on level 2 of the Dungeon.
             The game lasted 00:03:42 (2898 turns).

tilp the Digger (Gargoyle Earth Elementalist)       Turns: 2898, Time: 00:03:42

Health: 0/24       AC:  9    Str: 14    XL:     4   Next: 72%
Magic:  6/7        EV: 11    Int: 17    God:
Gold:   43         SH:  0    Dex: 10    Spells: 1/7 levels left

rFire    . . .     SeeInvis .   b - +1 halberd (vamp)
rCold    . . .     Faith    .   (shield currently unavailable)
rNeg     + . .     Spirit   .   k - +0 robe
rPois    ∞         Reflect  .   (no helmet)
rElec    +         Harm     .   h - +2 cloak
rCorr    .         Rampage  .   e - +0 pair of gloves {Str+3}
Will     .....                  (no boots)
Stlth    ++........             (no amulet)
HPRegen  0.08/turn              l - ring of flight
MPRegen  0.10/turn              (no ring)

@: flying
A: sickness immunity, AC +3, negative energy resistance 1, electricity
resistance, torment resistance 1, petrification resistance
a: no special abilities


You were on level 2 of the Dungeon.
You visited 1 branch of the dungeon, and saw 2 of its levels.

You collected 84 gold pieces.
You spent 41 gold pieces at shops.

Inventory:

Hand Weapons
 a - a +0 hand axe
 b - a +1 vampiric halberd (weapon)
 f - a +0 dagger of speed
Missiles
 c - 93 stones
Armour
 e - a +0 pair of gloves of strength (worn)
 h - a +2 cloak (worn)
 k - a +0 robe (worn)
Jewellery
 l - a ring of flight (left hand)
Scrolls
 d - a scroll of silence
 j - a scroll of enchant armour {unknown}
 m - a scroll of fog {unknown}
Potions
 g - a potion of mutation {unknown}
 i - a potion of curing {unknown}
 n - a potion of resistance {unknown}
 o - a potion of haste {unknown}


   Skills:
 - Level 1.5 Dodging
 - Level 2.1 Stealth
 - Level 2.0 Spellcasting
 + Level 2.2 Conjurations
 - Level 0.7 Transmutations
 + Level 5.7 Earth Magic


You had one spell level left.
You knew the following spells:

 Your Spells              Type           Power      Damage    Failure   Level
a - Sandblast             Erth           42%        2d11      1%          1
b - Passwall              Tmut/Erth      10%        N/A       8%          2
c - Stone Arrow           Conj/Erth      30%        3d8       11%         3

Your spell library contained the following spells:

 Spells                   Type           Power      Damage    Failure   Level
 Petrify                  Tmut/Erth      12%        N/A       45%         4


Dungeon Overview and Level Annotations

Branches:
Dungeon (2/15)

Altars:

Shops:
D:2 *

Annotations:
D:2 Robin


Innate Abilities, Weirdness & Mutations

You are immune to sickness and miasma.
Your stone body is resilient. (AC +3)
You are immune to poison.
You resist negative energy. (rN+)
You are resistant to electric shocks. (rElec)
You are resistant to unholy torment.
You are immune to petrification.


Message History

A goblin comes into view. It is wielding a +0 club.
You reach to attack!
The goblin shouts!
You hit the hobgoblin.
The hobgoblin is almost dead.
The hobgoblin hits you.
You closely miss the hobgoblin.
The hobgoblin is almost dead.
Robin throws the goblin at you! The goblin hits you with a +0 dagger.
Robin barely misses you. The hobgoblin hits you.
The goblin hits you but does no damage.
You barely miss the hobgoblin.
The hobgoblin is almost dead.
Robin hits you but does no damage. The goblin hits you but does no damage.
You closely miss the goblin.
Robin hits you from afar with a +0 spear.
The goblin hits you but does no damage. The hobgoblin misses you.
Robin throws the goblin at you! The goblin barely misses you.
The goblin unwields a +0 dagger.
The goblin wields a +0 hunting sling.
The goblin shoots a stone.
The stone hits you but does no damage. The goblin hits you but does no damage.
You barely miss the goblin. The goblin hits you but does no damage.
The goblin misses you.
You hit the goblin.
You feel better.
You kill the goblin!
You closely miss the hobgoblin.
The hobgoblin is almost dead.
The hobgoblin hits you.
* * * LOW HITPOINT WARNING * * *
The hobgoblin hits you but does no damage.
You barely miss the hobgoblin.
The hobgoblin is almost dead.
The hobgoblin no longer looks unusually strong.
The hobgoblin hits you.
* * * LOW HITPOINT WARNING * * *
You barely miss the hobgoblin.
The hobgoblin is almost dead.
The hobgoblin hits you but does no damage.
The hobgoblin hits you.
You die...

.. # #)# .###. #.# ....
##'## g.# ##...## #
##g#.# ##.....## # ##.#
#.##.......## ## ##g##
##g.........####.
#.gg###...........'....
##...#@##......)..####.
##.#g####.......## #.
###.# ##.....## #. #.#
##...## #. #.# ##'## ##
#.# #.# #.#######.#
#.........## ###
#......#...####.##


You could see 2 hobgoblins.

Vanquished Creatures
  3 gnolls (D:2)
  An adder (D:2)
  3 dart slugs (D:2)
  A worm (D:2)
  3 ball pythons
  3 endoplasms
  3 giant cockroaches
  13 goblins
  9 hobgoblins
  2 jackals (D:1)
  2 kobolds (D:1)
  2 bats (D:2)
  A frilled lizard (D:1)
46 creatures vanquished.

Notes
Turn   | Place    | Note
-------+----------+-------------------------------------------
     0 | D:1      | tilp the Gargoyle Earth Elementalist began the quest for
                  | the Orb.
     0 | D:1      | Reached XP level 1. HP: 10/10 MP: 3/3
   166 | D:1      | Reached skill level 4 in Earth Magic
   279 | D:1      | Reached XP level 2. HP: 15/15 MP: 5/5
   960 | D:1      | Reached XP level 3. HP: 14/19 MP: 6/6
   963 | D:1      | Learned a level 2 spell: Passwall
   967 | D:1      | Learned a level 3 spell: Stone Arrow
  1057 | D:1      | Reached skill level 5 in Earth Magic
  1114 | D:1      | Found a faded altar of an unknown god.
  1653 | D:2      | Noticed Robin
  2034 | D:2      | Reached skill level 1 in Conjurations
  2516 | D:2      | Reached XP level 4. HP: 24/24 MP: 4/7
  2608 | D:2      | Found Egiujim's Assorted Antiques.
  2611 | D:2      | Bought a scroll labelled USHRIN PUFI for 22 gold pieces
  2611 | D:2      | Bought a ruby potion for 19 gold pieces
  2898 | D:2      | Slain by a hobgoblin

Illustrated notes

Levels and vault maps discovered:
D:1:      dpeg_arrival_castle, layout_basic,
          hellmonk_ecumenical_altar_crossroads
D:2:      layout_loops_corners, serial_shops, nicolae_shop_behind_doors,
          uniq_robin

Skill      XL: |  1  2  3  4 |
---------------+-------------+-----
Earth Magic    | 4 5 |  5.7
Conjurations   | 1 2 |  2.2
Dodging        | |  1.5
Stealth        | |  2.1
Spellcasting   | |  2.0
Transmutations | |  0.7

Action                   |  1- 3 |  4- 6 || total
-------------------------+-------+-------++-------
Melee: Unarmed           |    14 |       ||    14
       Hand axe          |    92 |     3 ||    95
       Halberd           |       |    18 ||    18
 Cast: Sandblast         |    15 |     8 ||    23
  Use: Scroll            |     3 |       ||     3
 Stab: Sleeping          |     3 |     3 ||     6
Armor: Robe              |    45 |    12 ||    57
Dodge: Dodged            |    70 |    13 ||    83
